 Dungeon Crawl Stone Soup version 0.32-a0-450-g080537f31e (webtiles) character file.

Game seed: 445418967288697272

399 ezpacito the Trooper (level 6, -5/48 HPs)
             Began as a Demonspawn Chaos Knight on Feb 23, 2024.
             Was a Plaything of Xom.
             Succumbed to Duvessa's poison
             ... on level 5 of the Dungeon.
             The game lasted 00:04:26 (3738 turns).

ezpacito the Trooper (Demonspawn Chaos Knight)      Turns: 3738, Time: 00:04:27

Health: -5/48      AC: 11    Str: 15    XL:     6   Next: 53%
Magic:  9/9        EV:  9    Int: 12    God:    Xom [......]
Gold:   115        SH:  0    Dex: 10    Spells: 2/9 levels left

rFire   . . .        a - +0 hand axe (chaos)
rCold   . . .        (no shield)
rNeg    . . .        e - +0 chain mail
rPois   .            (no helmet)
rElec   .            m - +0 cloak
rCorr   .            r - +0 pair of gloves
SInv    .            (no boots)
Will    .....        (no amulet) Stlth
                     (no ring)
HPRegen 0.28/turn    (no ring)
MPRegen 0.11/turn

%: no passive effects
@: confused, lethally poisoned (-5 -> -31), lit by a corona, glowing, invisible
(but backlit and visible)
A: powered by death 1, sturdy frame 2, claws 1, clumsy 1
a: Renounce Religion


You were on level 5 of the Dungeon.
You worshipped Xom.
You were a very special plaything of Xom.
You visited 1 branch of the dungeon, and saw 5 of its levels.

You collected 115 gold pieces.

Inventory:

Hand Weapons
 a - a +0 hand axe of chaos (weapon)
Missiles
 n - 8 boomerangs (quivered)
 p - 5 poisoned darts
Armour
 e - a +0 chain mail (worn)
 m - a +0 cloak (worn)
 r - a +0 pair of gloves (worn)
 u - a +0 plate armour
Jewellery
 d - a ring of fire
Scrolls
 c - a scroll of butterflies
 f - a scroll of blinking
 g - 2 scrolls of poison {unknown}
 k - a scroll of fog {unknown}
 l - a scroll of enchant armour {unknown}
 o - a scroll of fear {unknown}
 s - a scroll of vulnerability {unknown}
 v - a scroll of immolation {unknown}
 w - 2 scrolls of teleportation {unknown}


   Skills:
 * Level 3.9 Fighting
 * Level 3.6 Axes
 * Level 3.0 Armour
 * Level 2.4 Dodging
 + Level 1.3 Stealth
 * Level 2.2 Unarmed Combat
 * Level 2.0 Spellcasting
 + Level 0.0 Conjurations


You had 2 spell levels left.
You knew the following spells:

 Your Spells              Type           Power      Damage    Failure   Level
a - Freeze                Ice            4%         1d3       71%         1
b - Frozen Ramparts       Ice            2%         1d1       97%         3
c - Hailstorm             Conj/Ice       1%         3d5       97%         3

Your spell library contained the following spells:

 Spells                   Type           Power      Damage    Failure   Level


Dungeon Overview and Level Annotations

Branches:
Dungeon (5/15)
 Temple: D:4-7

Altars:

Shops:
D:2 (

Annotations:
D:5 Dowan, Duvessa


Innate Abilities, Weirdness & Mutations

You regenerate a little health from kills.
Your movements are less encumbered by armour. (ER -4)
You have sharp fingernails.
You are clumsy. (Dex -2)


Message History

Duvessa hits you with a +3 short sword of venom.
You are poisoned.
Unknown command.
Okay, then.
Okay, then.
You barely miss Dowan.
Dowan is moderately wounded.
You barely miss Duvessa.
You feel sick. Dowan hits you but does no damage.
Duvessa hits you with a +3 short sword of venom.
You are more poisoned.
You are too confused!
You completely miss your butterfly. You closely miss Dowan.
You closely miss Duvessa.
Your butterfly disappears in a puff of smoke!
You feel very sick.
Duvessa hits you with a +3 short sword of venom.
* * * LOW HITPOINT WARNING * * *
Dowan hits you but does no damage.
You feel extremely strange.
You feel clumsy.
Your fingernails lengthen.
* * * LOW HITPOINT WARNING * * *
You feel very sick.
Duvessa hits you with a +3 short sword of venom.
* * * LOW HITPOINT WARNING * * *
You are more poisoned.
Dowan hits you but does no damage.
You are too confused!
You aren't carrying any potions.
You closely miss Dowan.
Dowan is moderately wounded.
You closely miss Duvessa.
* * * LOW HITPOINT WARNING * * *
You feel very sick. Duvessa hits you but does no damage.
You are more poisoned.
Dowan hits you but does no damage.
Okay, then.
You bump into the rock wall.
You die...
Xom titters!

#.#.....#.#
#.....#.#
#.....#.# ##
#.....#.. #.
#.##+#### #. #.#
#b #.#
###.##b##.#
....b..@eb#
###.##e##b.......


b.b ....####. #.##.####.# # #. .# #. .# .. # .. You could see Duvessa and Dowan.

Vanquished Creatures
  Edmund (D:4)
  An orc priest (D:4)
  A bombardier beetle (D:4)
  A sleepcap (D:4)
  Terence (D:3)
  4 gnolls (D:3)
  6 adders
  A shadow imp (D:5)
  A ribbon worm (D:3)
  13 orcs
  A ball python (D:4)
  7 bats
  6 endoplasms
  4 giant cockroaches
  2 goblins
  2 hobgoblins
  3 jackals (D:4)
  3 kobolds
  A quokka (D:4)
  3 frilled lizards
  4 rats
66 creatures vanquished.

Notes
Turn   | Place    | Note
-------+----------+-------------------------------------------
     0 | D:1      | ezpacito the Demonspawn Chaos Knight began the quest for
                  | the Orb.
     0 | D:1      | Reached XP level 1. HP: 18/18 MP: 1/1
   106 | D:1      | XOM: potion effect (attraction)
   109 | D:1      | Reached skill level 1 in Dodging
   172 | D:1      | XOM: divination: detect items
   435 | D:1      | XOM: divination: detect creatures
   629 | D:1      | XOM: silly message
   721 | D:2      | Gained mutation: Your movements are slightly less
                  | encumbered by armour. (ER -2) [demonic ancestry]
   721 | D:2      | Reached XP level 2. HP: 24/24 MP: 2/2
   999 | D:2      | Found Ixoy's Weapon Shoppe.
  1506 | D:2      | XOM: noise
  1703 | D:3      | Found a faded altar of an unknown god.
  1716 | D:3      | Gained mutation: Your movements are less encumbered by
                  | armour. (ER -4) [demonic ancestry]
  1716 | D:3      | Reached XP level 3. HP: 29/29 MP: 3/3
  1722 | D:3      | Reached skill level 1 in Unarmed Combat
  1735 | D:3      | XOM: polymorph endoplasm -> bat
  1743 | D:3      | Reached skill level 1 in Spellcasting
  1861 | D:3      | Noticed Terence
  1873 | D:3      | Reached XP level 4. HP: 34/35 MP: 5/5
  1882 | D:3      | Killed Terence
  2272 | D:3      | XOM: silly message
  2505 | D:4      | XOM: silly message
  2547 | D:4      | XOM: 1-stop teleportation journey
  2553 | D:4      | XOM: smoke on damage
  2559 | D:4      | Gained mutation: You regenerate a little health from kills.
                  | [demonic ancestry]
  2559 | D:4      | Reached XP level 5. HP: 16/41 MP: 5/7
  2613 | D:4      | XOM: cloud trail
  2718 | D:4      | Noticed Edmund
  2731 | D:4      | Killed Edmund
  2732 | D:4      | Reached skill level 1 in Stealth
  2732 | D:4      | Reached XP level 6. HP: 43/48 MP: 8/8
  2990 | D:4      | XOM: butterfly on damage
  3492 | D:4      | Learned a level 1 spell: Freeze
  3496 | D:4      | Learned a level 3 spell: Frozen Ramparts
  3500 | D:4      | Learned a level 3 spell: Hailstorm
  3629 | D:5      | Entered Level 5 of the Dungeon
  3721 | D:5      | Noticed Duvessa
  3721 | D:5      | Noticed Dowan
  3732 | D:5      | XOM: scenery: summon butterflies
  3733 | D:5      | XOM: confusion
  3736 | D:5      | Gained mutation: You are clumsy. (Dex -2) [potion of
                  | mutation]
  3736 | D:5      | Gained mutation: You have sharp fingernails. [potion of
                  | mutation]
  3737 | D:5      | HP: 1/48 [poisoned by Duvessa]
  3738 | D:5      | Succumbed to Duvessa's poison

Illustrated notes

Levels and vault maps discovered:
D:1:      ebering_hopf_link, layout_loops_cross, minmay_worlds_worst_comb
D:2:      layout_basic, serial_shops, shop, minivault_24
D:3:      layout_basic, ebering_ecumenical_altar_ruins, uniq_terence
D:4:      layout_gridville, uniq_edmund
D:5:      layout_basic, gammafunk_temple_overflow_elements, uniq_duvessa,
          uniq_eustachio

Skill      XL: |  1  2  3  4  5  6 |
---------------+-------------------+-----
Dodging        | 1 2 |  2.4
Armour         | 2 3 |  3.0
Unarmed Combat | 1 2 |  2.2
Axes           | 3 |  3.6
Spellcasting   | 1 2 |  2.0
Stealth        | 1 |  1.3
Fighting       | |  3.9

Action                     |  1- 3 |  4- 6 || total
---------------------------+-------+-------++-------
  Melee: Hand axe          |    96 |   164 ||   260
    Use: Potion            |     4 |     4 ||     8
         Scroll            |     2 |     2 ||     4
   Stab: Sleeping          |     2 |     2 ||     4
 Armour: Leather armour    |    32 |       ||    32
         Scale mail        |    41 |    52 ||    93
         Chain mail        |       |   101 ||   101
  Dodge: Dodged            |    79 |    98 ||   177

Table legend: (Time is in decaauts)
 A = Elapsed time spent in this place.
 B = Non-inter-level travel time spent in this place.
 C = Inter-level travel time spent in this place.
 D = Time resting spent in this place.
 E = Time spent auto-exploring this place.
 F = Levels seen in this place.
 G = Mean time per level.
                   A        B        C        D        E       F      G
               +--------+--------+--------+--------+--------+-----+--------+
         Total |   3760 |   3544 |    216 |      6 |   2917 |   5 |  752.0 |
       Dungeon |   3760 |   3544 |    216 |      6 |   2917 |   5 |  752.0 |
               +--------+--------+--------+--------+--------+-----+--------+

Top non-repeatable levels by time:
     D:4: 1204 daAuts
     D:2: 936 daAuts
     D:3: 868 daAuts
     D:1: 639 daAuts
     D:5: 111 daAuts
